 Dungeon Crawl Stone Soup version 0.24.0-13-gcf9b3192b9 (webtiles) character file.

Game seed: 1836539872402512969, levelgen mode: deterministic

175 Delamore the Chopper (level 5, -5/45 HPs)
             Began as a Hill Orc Monk on Nov 8, 2019.
             Slain by Grinder (9 damage)
             ... while paralysed by Grinder
             ... on level 4 of the Dungeon.
             The game lasted 00:04:17 (2703 turns).

Delamore the Chopper (Hill Orc Monk)                Turns: 2703, Time: 00:04:18

Health: -5/45      AC:  4    Str: 17    XL:     5   Next: 55%
Magic:  5/5        EV:  2    Int: 10    God:
Gold:   58         SH:  0    Dex: 15    Spells: 4/4 levels left

rFire    . . .     SeeInvis .   d - +2 hand axe (freeze)
rCold    . . .     Gourm    .   (no shield)
rNeg     . . .     Faith    .   o - +0 leather armour
rPois    .         Spirit   .   (no helmet)
rElec    .         Reflect  .   (no cloak)
rCorr    .         Harm     .   (no gloves)
MR       .....                  q - +0 pair of boots
Stlth    ++........             (no amulet)
HPRegen  0.15/turn              (no ring)
MPRegen  0.09/turn              (no ring)

@: paralysed
A: agile 1, strong 1
a: no special abilities


You were on level 4 of the Dungeon.
You were not hungry.

You visited 1 branch of the dungeon, and saw 4 of its levels.

You collected 58 gold pieces.

Inventory:

Hand Weapons
 d - a +2 hand axe of freezing (weapon)
Armour
 b - a +0 robe
 f - a +0 ring mail
 o - a +0 leather armour (worn)
 q - a +0 pair of boots (worn)
Scrolls
 e - 2 scrolls of random uselessness
 h - a scroll of remove curse
 j - a scroll of teleportation {unknown}
 p - a scroll of enchant armour {unknown}
 r - a scroll of noise {unknown}
 s - a scroll of amnesia {unknown}
Potions
 k - 3 potions of brilliance
 l - a potion of ambrosia
 m - a potion of heal wounds
Comestibles
 c - 8 rations


   Skills:
 - Level 3.6 Fighting
 + Level 7.7 Axes
 + Level 1.3 Armour
 - Level 2.4 Dodging
 - Level 1.5 Stealth


You had 4 spell levels left.
You didn't know any spells.
Your spell library was empty.

Dungeon Overview and Level Annotations

Branches:
Dungeon (4/15)
 Temple: D:4-7

Altars:
Qazlal

Annotations:
D:4 Grinder


Innate Abilities, Weirdness & Mutations

You are agile. (Dex +2)
Your muscles are strong. (Str +2)


Message History

Grinder gestures at you. You resist with significant effort.
You hit Grinder but do no damage.
Grinder is severely wounded.
Grinder gestures at you.
You suddenly lose the ability to move!
Grinder gestures at you. Pain shoots through your body! Grinder hits you.
You writhe in agony.
* * * LOW HITPOINT WARNING * * *
Grinder hits you.
* * * LOW HITPOINT WARNING * * *
You writhe in agony.
* * * LOW HITPOINT WARNING * * *
Grinder hits you.
* * * LOW HITPOINT WARNING * * *
You writhe in agony.
* * * LOW HITPOINT WARNING * * *
Grinder hits you!
You die...

.... ### ...##
##..##..<#
#........#
###....#...#
##.........#
#........5.#
##.......@.#
#.......[..#
#.........#
##..?....##..
##..<.........
#..###.......
#.... ........
#..#.........##
#./...>.......#


You could see Grinder.

Vanquished Creatures
  A scorpion (D:4)
  A bullfrog skeleton (D:4)
  A worker ant (D:4)
  2 adders (D:3)
  An ooze (D:2)
  A worm (D:3)
  A dart slug (D:2)
  2 orcs (D:3)
  3 giant cockroaches
  A goblin (D:3)
  5 hobgoblins
  10 kobolds
  A quokka (D:3)
  3 ball pythons
  6 bats
  3 frilled lizards
  8 rats
50 creatures vanquished.

Notes
Turn   | Place    | Note
-------+----------+-------------------------------------------
     0 | D:1      | Delamore the Hill Orc Monk began the quest for the Orb.
     0 | D:1      | Reached XP level 1. HP: 19/19 MP: 1/1
   425 | D:1      | Reached XP level 2. HP: 24/26 MP: 2/2
   844 | D:2      | Reached skill level 5 in Axes
  1032 | D:2      | Reached XP level 3. HP: 31/31 MP: 3/3
  1372 | D:3      | Reached skill level 6 in Axes
  1559 | D:3      | Reached XP level 4. HP: 32/39 MP: 4/4
  1925 | D:3      | Found a stormy altar of Qazlal.
  2101 | D:4      | Noticed Grinder
  2113 | D:4      | Reached skill level 7 in Axes
  2113 | D:4      | Reached skill level 1 in Armour
  2113 | D:4      | Reached XP level 5. HP: 41/45 MP: 5/5
  2504 | D:3      | Gained mutation: You are agile. (Dex +2) [potion of
                  | mutation]
  2504 | D:3      | Gained mutation: Your muscles are strong. (Str +2) [potion
                  | of mutation]
  2511 | D:4      | Paralysed by Grinder for 6 turns
  2698 | D:4      | Paralysed by Grinder for 6 turns
  2703 | D:4      | Slain by Grinder

Levels and vault maps discovered:
D:1:      co_arrival_random_square_maze, layout_basic, nrook_mini_vaults
D:2:      layout_rooms, first_ration
D:3:      layout_rooms, grunt_qazlal_sundering
D:4:      layout_cave_pools, uniq_grinder

Skill      XL: |  1  2  3  4 |
---------------+-------------+-----
Axes           | 5 6 7 |  7.7
Armour         | 1 |  1.3
Fighting       | |  3.6
Dodging        | |  2.4
Stealth        | |  1.5

Action                   |  1- 3 |  4- 6 || total
-------------------------+-------+-------++-------
Melee: Hand axe          |    98 |    64 ||   162
  Use: Scroll            |       |     6 ||     6
       Potion            |       |     1 ||     1
 Stab: Sleeping          |     3 |       ||     3
  Eat: Chunk             |     2 |     2 ||     4
       Ration            |       |     1 ||     1
Armor: Robe              |    21 |       ||    21
       Leather armour    |       |     8 ||     8
Dodge: Dodged            |    55 |    33 ||    88
